Map: [ESL] Hard Lead

Players

GuMiho - Winner!

  • Race: Terran Terran
  • Spawn Location: 11:00

Classic

  • Race: Protoss Protoss
  • Spawn Location: 5:00

Event: IEM Katowice 2024

VOD

Have the link to the VOD?

Description

Time

  • Played on: Dec. 8, 2023, 2:06 p.m.
  • Length: 13:51

All games in this series

Show
View Real Time Build Order
Export as new Build Order

GuMiho Terran - Winner!

Build Orders: Cyclone Opening, Gas First Reaper Expand 

Get SALT Encoding   

  12  0:00  SCV  
  13  0:12  SCV  
  14  0:17  Supply Depot  
  14  0:24  SCV  
  14  0:27  Refinery  
  15  0:38  SCV  
  16  0:43  Barracks  
  16  0:50  SCV  
  17  1:02  SCV  
  18  1:14  SCV  
  19  1:30  Orbital Command, Reaper  
  20  1:41  Command Center  
  20  1:51  Factory  
  20  1:55  SCV  
  21  2:04  Supply Depot  
  21  2:08  Barracks Reactor, SCV  
  22  2:14  Refinery  
  22  2:20  SCV  
  23  2:32  SCV  
  23  2:34  Cyclone  
  26  2:44  SCV, Marine x2  
  27  2:48  Supply Depot  
  29  2:56  SCV, Starport  
  30  3:01  Marine  
  30  3:02  Marine  
  31  3:09  Cyclone, SCV  
  34  3:19  Orbital Command  
  34  3:21  Marine  
  34  3:22  SCV  
  34  3:23  Marine  
  37  3:33  Medivac  
  37  3:34  SCV  
  40  3:39  Marine  
  41  3:41  Marine  
  41  3:42  Factory Tech Lab, Supply Depot  
  41  3:47  SCV x2  
  43  3:59  SCV  
  46  4:03  SCV  
  46  4:09  Barracks, Factory Reactor  
  45  4:11  Stimpack, SCV  
  45  4:12  Barracks  
  45  4:13  Marine  
  45  4:16  SCV  
  48  4:22  Engineering Bay  
  48  4:23  SCV  
  49  4:28  SCV  
  49  4:30  Marine  
  51  4:34  Starport Reactor  
  51  4:35  SCV  
  52  4:38  Refinery  
  52  4:40  SCV, Supply Depot  
  53  4:48  SCV  
  53  4:49  Terran Infantry Weapons Level 1, Marauder  
  53  4:50  Missile Turret  
  53  4:52  SCV  
  57  4:58  Marine x2  
  59  5:00  SCV  
  59  5:04  Missile Turret, SCV  
  59  5:06  Marine x2  
  63  5:11  Medivac  
  63  5:12  Medivac, SCV  
  68  5:15  Marauder  
  68  5:19  Supply Depot  
  70  5:21  SCV  
  70  5:22  Supply Depot  
  70  5:24  SCV  
  70  5:26  Marine x2  
  70  5:27  Marine  
  75  5:28  Marine  
  76  5:36  Marauder  
  76  5:40  SCV x2  
  76  5:42  Supply Depot  
  80  5:51  Combat Shield  
  80  5:55  Command Center  
  81  5:57  SCV  
  81  5:58  SCV  
  81  6:04  Marauder, Marine x3  
  84  6:05  Marine  
  84  6:09  SCV  
  84  6:25  Marine, Marauder  
  86  6:28  SCV x2  
  86  6:29  Viking x2  
  86  6:31  Factory Reactor  
  86  6:32  Starport  
  92  6:37  Refinery  
  92  6:44  SCV  
  92  6:45  Terran Infantry Armor Level 1, SCV  
  92  6:46  Marauder  
  96  6:48  Supply Depot  
  96  6:57  SCV  
  96  6:59  Marine, Medivac x2  
  100  7:07  Marine x2  
  100  7:08  Marauder  
  102  7:10  SCV x2  
  102  7:12  Barracks  
  102  7:14  Barracks  
  104  7:20  Orbital Command  
  104  7:22  SCV x2  
  106  7:26  Concussive Shells  
  106  7:34  Supply Depot, SCV x2  
  106  7:35  Viking x2  
  112  7:39  Viking  
  112  7:42  Viking  
  116  7:47  SCV x2  
  116  7:48  Sensor Tower, SCV  
  119  7:52  Supply Depot  
  119  7:58  Marauder  
  121  8:00  SCV x2  
  121  8:01  SCV  
  121  8:04  Barracks Tech Lab x2  
  124  8:06  Supply Depot  
  124  8:07  Marine x4, Supply Depot  
  128  8:13  Liberator, Refinery  
  128  8:14  Refinery  
  128  8:16  Liberator  
  128  8:19  Liberator  
  137  8:22  SCV  
  137  8:23  SCV x2  
  140  8:33  Liberator  
  143  8:39  Command Center  
  143  8:48  SCV x3  
  146  8:50  Armory  
  146  8:52  Fusion Core  
  146  8:53  Supply Depot x2  
  146  8:54  Supply Depot  
  146  8:55  Marauder x3  
  152  8:58  Marine x4  
  156  9:14  Liberator x2  
  162  9:17  Liberator, Supply Depot  
  162  9:20  SCV x3  
  168  9:25  Marauder x3  
  168  9:27  Marine x3  
  168  9:28  Marine  
  178  9:45  Marine x2  
  180  9:46  Marauder x2  
  180  9:47  Marauder  
  186  9:55  Barracks x2, Advanced Ballistics  
  186  9:56  Barracks, Terran Ship Weapons Level 1  
  186  10:00  Liberator x2  
  150  10:16  Liberator x2  
  148  10:26  Marine, Marauder  
  148  10:27  Marauder x2  
  148  10:28  Marine  
  152  10:29  Marine x2  
  151  10:42  Liberator  
  151  10:43  Planetary Fortress  
  151  10:44  Marine  
  151  10:46  Marine, SCV x2, Refinery  
  151  10:47  Marine x2, Refinery  
  151  10:48  Marauder x3  
  166  10:50  Barracks Tech Lab x2  
  166  10:51  Barracks Reactor  
  165  11:09  Marauder  
  165  11:11  Liberator x2, Command Center, Marauder  
  175  11:23  Liberator  
  178  11:25  Liberator  
  158  11:42  Marauder x2, Marine x3  
  133  12:11  Missile Turret  
  133  12:12  Missile Turret x2  
  133  12:14  Missile Turret x2  
  115  12:34  Factory  
  115  12:35  Factory, Marauder, Marine x2  
  115  12:37  Factory  
  115  12:42  Planetary Fortress  
  89  13:18  Factory Tech Lab  
  89  13:19  Factory Tech Lab  
  89  13:20  Factory Tech Lab  
Show
View Real Time Build Order
Export as new Build Order

Classic Protoss 

Build Orders: 1 Gate Expand, Phoenix Opening, Colossus Rush 

Get SALT Encoding   

  12  0:00  Probe  
  13  0:12  Probe  
  14  0:17  Pylon  
  14  0:24  Probe (Chrono Boost)  
  15  0:36  Probe (Chrono Boost)  
  15  0:37  Gateway  
  16  0:44  Probe (Chrono Boost)  
  16  0:47  Assimilator  
  17  0:51  Probe  
  18  1:03  Probe  
  19  1:15  Probe  
  20  1:25  Cybernetics Core  
  20  1:32  Nexus  
  20  1:41  Pylon  
  20  1:44  Assimilator  
  20  1:47  Probe  
  21  1:54  Nexus  
  21  2:00  Stalker (Chrono Boost)  
  21  2:05  Probe  
  23  2:17  Probe  
  23  2:20  Adept (Chrono Boost)  
  24  2:29  Probe  
  27  2:34  Stargate  
  27  2:41  Probe  
  27  2:49  Warp Gate  
  27  2:53  Probe  
  28  3:01  Adept  
  30  3:05  Probe  
  30  3:07  Probe  
  32  3:17  Probe, Phoenix (Chrono Boost)  
  32  3:19  Probe  
  34  3:27  Pylon  
  34  3:30  Probe  
  34  3:31  Probe  
  34  3:33  Phoenix  
  36  3:38  Stalker  
  40  3:47  Probe x2  
  42  3:54  Shield Battery  
  42  3:59  Probe x2  
  42  4:01  Robotics Facility  
  44  4:09  Gateway  
  44  4:11  Probe x2  
  44  4:16  Pylon  
  46  4:23  Probe x2 (Chrono Boost)  
  48  4:24  Assimilator  
  48  4:26  Assimilator  
  48  4:35  Probe x2 (Chrono Boost)  
  48  4:38  Stalker  
  52  4:40  Probe x2 (Chrono Boost)  
  54  4:48  Immortal (Chrono Boost), Pylon  
  58  4:53  Probe  
  58  4:59  Robotics Bay  
  59  5:00  Probe  
  59  5:04  Phoenix  
  59  5:06  Probe  
  63  5:12  Probe  
  63  5:13  Pylon  
  64  5:23  Observer (Chrono Boost)  
  64  5:25  Sentry  
  64  5:28  Nexus  
  67  5:31  Shield Battery  
  67  5:32  Pylon  
  67  5:36  Probe x2  
  67  5:42  Colossus (Chrono Boost)  
  69  5:47  Pylon  
  69  5:48  Probe  
  69  5:49  Probe  
  77  5:56  Sentry, Zealot  
  81  5:59  Phoenix  
  83  6:17  Probe x2  
  79  6:20  Zealot, Stalker  
  79  6:24  Colossus (Chrono Boost)  
  85  6:33  Pylon  
  85  6:34  Pylon  
  85  6:36  Pylon  
  85  6:39  Probe x2  
  87  6:46  Probe  
  88  6:49  Phoenix, Pylon  
  88  6:51  Probe x2  
  88  6:52  Extended Thermal Lance  
  92  6:58  Probe  
  93  7:03  Probe x2  
  101  7:10  Probe (Chrono Boost)  
  101  7:12  Assimilator  
  102  7:16  Probe (Chrono Boost)  
  102  7:18  Assimilator, Probe (Chrono Boost)  
  102  7:22  Probe (Chrono Boost)  
  105  7:27  Probe (Chrono Boost)  
  105  7:29  Twilight Council, Probe (Chrono Boost)  
  107  7:30  Forge  
  107  7:32  Immortal, Probe (Chrono Boost)  
  107  7:34  Probe (Chrono Boost)  
  107  7:35  Probe (Chrono Boost)  
  108  7:38  Gateway, Probe (Chrono Boost)  
  108  7:42  Gateway x2, Probe  
  110  7:46  Stalker x2  
  110  7:50  Shield Battery  
  114  7:55  Shield Battery  
  114  7:56  Protoss Ground Weapons Level 1 (Chrono Boost)  
  114  7:57  Gateway  
  114  8:01  Pylon  
  114  8:05  Templar Archives  
  114  8:10  Charge  
  114  8:12  Gateway  
  114  8:14  Gateway  
  114  8:16  Probe x2  
  116  8:21  Immortal  
  116  8:24  Zealot  
  116  8:26  Stalker  
  124  8:30  Pylon  
  124  8:37  Zealot  
  124  8:40  Pylon  
  124  8:41  Psionic Storm, Pylon  
  122  8:49  High Templar x4  
  130  9:01  Nexus  
  130  9:03  Pylon  
  130  9:04  Shield Battery  
  130  9:09  High Templar x2  
  134  9:10  Zealot x2  
  134  9:11  Immortal (Chrono Boost)  
  142  9:19  Pylon  
  142  9:21  Pylon  
  141  9:24  Stalker x2  
  141  9:29  Pylon  
  141  9:30  Forge  
  145  9:34  Zealot  
  147  9:38  Zealot  
  147  9:52  Stalker x3  
  145  9:53  Stalker x2  
  145  9:55  Zealot x2  
  157  10:02  Nexus  
  149  10:11  Warp Prism  
  131  10:17  Pylon  
  129  10:24  High Templar  
  129  10:25  High Templar x2, Zealot x4  
  134  10:38  Nexus, Pylon  
  134  10:48  High Templar x2, Stalker x3  
  144  10:52  Archon  
  144  10:54  Observer  
  145  10:59  Zealot  
  145  11:00  Zealot x2  
  151  11:16  Zealot x3  
  143  11:30  Stalker x3  
  109  11:45  High Templar x2, Stalker  
  109  11:46  Stalker x2  
  76  12:02  Stalker x2  
  76  12:03  High Templar  
  82  12:18  Stalker  
  79  13:11  Nexus  

Tags
 
Add a new tag
Caveats
  • Supply blocks, unpowered buildings, or Contaminate may cause inaccurate times.
  • Supply counts are checked every 10 seconds.